 Dungeon Crawl Stone Soup version 0.31.0-12-g77e489cdc1 (webtiles) character file.

Game seed: 4086048963441413706

387 osuadh the Caller (level 6, 0/48 HPs)
             Began as a Barachi Summoner on Feb 24, 2024.
             Slain by a gnoll
             ... wielding a +0 halberd
             ... led by a gnoll sergeant
              (4 damage)
             ... on level 5 of the Dungeon.
             The game lasted 00:12:14 (3930 turns).

osuadh the Caller (Barachi Summoner)                Turns: 3930, Time: 00:12:15

Health: 0/48       AC:  3    Str:  9    XL:     6   Next: 78%
Magic:  7/11       EV: 12    Int: 18    God:
Gold:   268        SH:  0    Dex: 18    Spells: 6/12 levels left

rFire   . . .        n - +0 spear
rCold   . . .        (no shield)
rNeg    . . .        a - +0 robe
rPois   .            i - +0 helmet
rElec   .            (no cloak)
rCorr   .            (no gloves)
SInv    .            (no boots)
Will    +....        (no amulet)
Stlth   ++           g - +6 ring of dexterity
HPRegen 0.28/turn    j - ring of willpower
MPRegen 0.12/turn

%: no passive effects
@: inugami summoned, slow
A: amphibious, slowness 1, strong legs 1, +LOS
a: Hop


You were on level 5 of the Dungeon.
You visited 1 branch of the dungeon, and saw 5 of its levels.

You collected 268 gold pieces.

Inventory:

Hand Weapons
 e - a +0 dagger
 n - a +0 spear (weapon)
Missiles
 c - a throwing net (quivered)
Armour
 a - a +0 robe (worn)
 i - a +0 helmet (worn)
 s - a +2 leather armour of cold resistance
Jewellery
 g - a +6 ring of dexterity (left hand)
 h - a ring of fire
 j - a ring of willpower (right hand)
 y - a ring of ice
Wands
 t - a wand of roots (11)
Scrolls
 f - a scroll of acquirement {unknown}
 k - 2 scrolls of teleportation {unknown}
 o - a scroll of blinking {unknown}
 p - a scroll of immolation {unknown}
 q - 4 scrolls of identify {unknown}
 r - a scroll of noise {unknown}
 u - a scroll of amnesia {unknown}
 v - a scroll of fog {unknown}
 w - a scroll of vulnerability {unknown}
 x - a scroll of enchant armour {unknown}
Potions
 b - 2 potions of magic
 d - a potion of invisibility {unknown}
 l - 2 potions of curing
 m - a potion of brilliance {unknown}
 z - a potion of might {unknown}
 A - a potion of mutation {unknown}


   Skills:
 + Level 4.0 Fighting
 + Level 3.2 Polearms
 - Level 2.1 Dodging
 - Level 1.7 Stealth
 - Level 3.7 Spellcasting
 - Level 6.1 Summonings


You had 6 spell levels left.
You knew the following spells:

 Your Spells              Type           Power      Damage    Failure   Level
a - Summon Small Mammal   Summ           100%       N/A       1%          1
b - Call Imp              Summ           50%        N/A       1%          2
c - Call Canine Familiar  Summ           25%        N/A       3%          3

Your spell library contained the following spells:

 Spells                   Type           Power      Damage    Failure   Level
 Ensorcelled Hibernation  Hex/Ice        6%         N/A       22%         2
 Summon Blazeheart Golem  Fire/Summ      14%        N/A       38%         4
 Summon Lightning Spire   Summ/Air       14%        N/A       38%         4
 Fugue of the Fallen      Necr           3%         N/A       41%         3
 Anguish                  Hex/Necr       1%         N/A       83%         4
 Vhi's Electric Charge    Tloc/Air       6%         N/A       83%         4
 Arcjolt                  Conj/Air       1%         1d11      99%         5
 Plasma Beam              Fire/Air       1%         2x1d11    100%        6


Dungeon Overview and Level Annotations

Branches:
Dungeon (5/15)
 Temple: D:4-7

Altars:
Elyvilon
Makhleb
Okawaru
Ru
Xom
Zin

Shops:
D:3 (


Innate Abilities, Weirdness & Mutations

You are amphibious.
You cover ground slowly.
You can hop short distances.
You have an extended range of vision and can be seen from far away.


Message History

You reach to attack!
You hit the orc.
The orc is lightly wounded.
Your cerulean imp hits the orc with a -2 spear.
Your inugami hits the orc!
The orc dies!
No target in view!
No target in view!
You swap places.
You see here a +0 whip.
There is a stone staircase leading down, spattered with blood here.
You see here a +0 club.
You start resting.
Your cerulean imp disappears in a puff of smoke!
Your inugami disappears in a puff of smoke!
HP restored.
You start resting.
Magic restored.
You climb downwards.
The gnoll closely misses you. The scorpion stings you.
The gnoll closely misses you. The scorpion stings you!
There is a stone staircase leading up, spattered with blood here.
Casting: Call Imp (safe; 1% risk of failure)
Confirm with . or Enter, or press ? or * to list all spells.
The gnoll barely misses you. The gnoll sergeant closely misses you.
An orc warrior comes into view. It is wielding a +0 battleaxe.
The scorpion stings you.
Casting: Summon Small Mammal (safe; 1% risk of failure)
Confirm with . or Enter, or press ? or * to list all spells.
You call for your canine familiar and it appears with a howl!
The orc warrior shouts!
The scorpion stings you.
The shadow imp shouts, "Away with thee, thou bawdy fool-born bounder!"
The gnoll hits you from afar with a +0 spear.
The gnoll sergeant hits you from afar with a +0 trident!
* * * LOW HITPOINT WARNING * * *
The scorpion stings you.
* * * LOW HITPOINT WARNING * * *
The gnoll hits you from afar with a +0 spear.
* * * LOW HITPOINT WARNING * * *
The gnoll hits you from afar with a +0 halberd.
You die...

.. #...... ...
#.....# ...#
.....#
.o..##....#
...>....# ..
#......## #...
#####......#.....
.?....gsr.....$..
.....5g.@........
......g†.h..###..
............#
#.............
###.....#..#....
#.###. .##.....
#. #. .. .... .
#. .. ... # #.
#.. ..


You could see an orc warrior, a gnoll sergeant, a scorpion (ally target), 2
gnolls, a shadow imp, a friendly quokka (summoned) and a friendly inugami
(summoned).

Vanquished Creatures
  3 adders
  A dart slug (D:2)
  A ribbon worm (D:2)
  5 ball pythons
  2 endoplasms (D:1)
  5 goblins (D:2)
  6 hobgoblins
  A jackal (D:2)
  2 quokkas
  2 bats
  A frilled lizard (D:2)
  A kobold (D:3)
  2 rats
32 creatures vanquished.

Vanquished Creatures (collateral kills)
  An ogre (D:4)
  A phantom (D:4)
  A scorpion (D:3)
  Terence (D:2)
  Robin (D:2)
  2 adders
  A gnoll (D:4)
  A ribbon worm (D:3)
  3 orcs
  4 ball pythons
  2 bats (D:1)
  3 endoplasms
  3 giant cockroaches
  5 goblins
  3 hobgoblins
  3 jackals
  3 kobolds (D:1)
  A quokka (D:3)
  4 frilled lizards (D:1)
  7 rats
50 creatures vanquished.

Grand Total: 82 creatures vanquished

Notes
Turn   | Place    | Note
-------+----------+-------------------------------------------
     0 | D:1      | osuadh the Barachi Summoner began the quest for the Orb.
     0 | D:1      | Reached XP level 1. HP: 13/13 MP: 3/3
    64 | D:1      | Reached skill level 5 in Summonings
    70 | D:1      | Reached XP level 2. HP: 14/19 MP: 1/5
   667 | D:1      | Reached XP level 3. HP: 9/24 MP: 5/7
   997 | D:2      | Noticed Robin
  1151 | D:2      | Noticed Terence
  1189 | D:2      | Learned a level 2 spell: Call Imp
  1193 | D:2      | Learned a level 3 spell: Call Canine Familiar
  1227 | D:2      | Killed Robin
  1278 | D:2      | Killed Terence
  1279 | D:2      | Reached skill level 6 in Summonings
  1279 | D:2      | Reached XP level 4. HP: 12/30 MP: 0/9
  1375 | D:2      | Found a faded altar of an unknown god.
  1799 | D:3      | Found Akhlijur's Weapon Boutique.
  1832 | D:3      | Found a glowing silver altar of Zin.
  1833 | D:3      | Found a sacrificial altar of Ru.
  1840 | D:3      | Found a shimmering altar of Xom.
  1840 | D:3      | Found a burning altar of Makhleb.
  1842 | D:3      | Found an iron altar of Okawaru.
  1843 | D:3      | Found a white marble altar of Elyvilon.
  2178 | D:3      | Noticed a scorpion
  2199 | D:3      | Killed a scorpion
  2200 | D:3      | Reached skill level 1 in Polearms
  2200 | D:3      | Reached XP level 5. HP: 22/38 MP: 3/10
  2984 | D:4      | Noticed an ogre
  3002 | D:4      | Killed an ogre
  3003 | D:4      | Reached XP level 6. HP: 47/47 MP: 6/11
  3826 | D:5      | Entered Level 5 of the Dungeon
  3928 | D:5      | Noticed an orc warrior
  3930 | D:5      | Slain by a gnoll

Illustrated notes

Levels and vault maps discovered:
D:1:      lightli_arrival_boilingwater, layout_basic, minmay_hexomino_u4
D:2:      layout_basic, nicolae_ecumenical_lake_church, uniq_terence, uniq_robin
D:3:      layout_basic, grunt_temple_overflow_open, serial_shops, shop,
          serial_corexii_hall, corexii_hall_statues_s,
          chequers_hall_statues_corner_a, hangedman_decor_clover_reticule
D:4:      layout_loops_corners, chequers_serial_rivers_micro_e
D:5:      layout_cave_pools, fedhas_ov_isle_minmay, minmay_manual_monstrance

Skill      XL: |  1  2  3  4  5  6 |
---------------+-------------------+-----
Summonings     | 5 6 |  6.1
Spellcasting   | 3 |  3.7
Fighting       | 2 3 4 |  4.0
Polearms       | 1 2 3 |  3.2
Dodging        | |  2.1
Stealth        | |  1.7

Action                     |  1- 3 |  4- 6 || total
---------------------------+-------+-------++-------
  Melee: Unarmed           |    15 |       ||    15
         Dagger            |    70 |    27 ||    97
         Spear             |       |    71 ||    71
         Punch             |       |     1 ||     1
  Throw: Throwing net      |       |     1 ||     1
   Cast: Summon Small Mamm |    32 |     8 ||    40
         Call Imp          |     3 |    14 ||    17
         Call Canine Famil |       |    17 ||    17
    Use: Potion            |       |     1 ||     1
   Stab: Sleeping          |     2 |     4 ||     6
         Distracted        |     1 |     3 ||     4
 Armour: Robe              |    51 |    64 ||   115
  Dodge: Dodged            |    74 |    64 ||   138
